 Dungeon Sprint DCSS version 0.27-a0-1301-g128193abf8 (webtiles) character file.

Game seed: 14542275349968377956

101 mhtbhm the Slicer (level 5, 0/37 HPs)
             Began as a Kobold Berserker on June 17, 2021.
             Was a Priest of Trog.
             Slain by a centaur (2 damage)
             ... in the Dungeon (Sprint IX: "|||||||||||||||||||||||||||||").
             The game lasted 00:00:18 (275 turns).

mhtbhm the Slicer (Kobold Berserker)                 Turns: 275, Time: 00:00:19

Health: 0/37       AC:  2    Str: 16    XL:     5   Next: 4%
Magic:  5/5        EV: 15    Int:  8    God:    Trog [***...]
Gold:   0          SH:  0    Dex: 14    Spells: 4/4 levels left

rFire    . . .     SeeInvis .   a - +0 short sword
rCold    . . .     Faith    .   (shield restricted)
rNeg     . . .     Spirit   .   b - +0 animal skin
rPois    .         Reflect  .   (no helmet)
rElec    .         Harm     .   (no cloak)
rCorr    .         Rampage  .   (no gloves)
Will     .....     NoTele   +   (no boots)
Stlth    +++.......             (no amulet)
HPRegen  0.12/turn              (no ring)
MPRegen  0.09/turn              (no ring)

@: on berserk cooldown, slowed, very slow
A: small, no large weapons, nightstalker 3
a: Renounce Religion, Berserk, Trog's Hand


You were in the Dungeon.
You worshipped Trog.
Trog was most pleased with you.
You visited 1 branch

Inventory:

Hand Weapons
 a - a +0 short sword (weapon)
Armour
 b - a +0 animal skin (worn)
Scrolls
 h - a scroll of blinking
Potions
 c - a potion of curing
 e - a potion of haste
 f - 2 potions of magic
 g - a potion of berserk rage


   Skills:
 + Level 6.5 Fighting
 + Level 8.5 Short Blades
 + Level 2.6 Armour
 + Level 3.8 Dodging
 + Level 3.4 Stealth


You had 4 spell levels left.
You didn't know any spells.
Your spell library was empty.

Dungeon Overview and Level Annotations

Branches:
Dungeon (1/1)

Altars:


Innate Abilities, Weirdness & Mutations

You are small and have problems with some larger weapons.
You are completely attuned to the shadows.


Message History

a +0 giant club; an ogre corpse The centaur shoots an arrow.
The arrow hits you.
* * * LOW HITPOINT WARNING * * *
You close the door, pushing everything out of the way.
You see here a +0 giant club.
A centaur opens the door.
You feel much better.
The centaur shoots an arrow.
The arrow barely misses you.
The centaur shoots an arrow.
The arrow hits you!
Unknown command.
The centaur unwields a +0 shortbow.
The centaur misses you. The centaur closely misses you. The centaur hits you.
The centaur closely misses you.
There is an open door here.
You hit the centaur.
The centaur is moderately wounded.
The centaur closely misses you. The centaur misses you.
The centaur completely misses you. The centaur closely misses you.
You hit the centaur.
The centaur is moderately wounded.
The centaur hits you.
* * * LOW HITPOINT WARNING * * *
The centaur closely misses you.
You hit the centaur but do no damage.
The centaur is moderately wounded.
The centaur misses you. The centaur kicks you.
* * * LOW HITPOINT WARNING * * *
The centaur closely misses you. The centaur kicks you.
* * * LOW HITPOINT WARNING * * *
You hit the centaur.
The centaur is heavily wounded.
The centaur hits you.
* * * LOW HITPOINT WARNING * * *
The centaur closely misses you.
Unknown command.
You completely miss the centaur.
The centaur is heavily wounded.
The centaur hits you.
* * * LOW HITPOINT WARNING * * *
The centaur barely misses you. The centaur hits you.
You die...

▓.▓
▓.▓
▓.▓
▓.▓
▓c▓
▓@▓
▓)▓
▓.▓
▓÷▓
▓.▓
▓)▓
▓'▓
▓.▓
▓.▓


You could see a centaur.

Vanquished Creatures
  An ogre (D)
  A white imp (D)
  An orc (D)
  An endoplasm (D)
  A giant cockroach (D)
  A hobgoblin (D)
  A kobold (D)
  A quokka (D)
  A ball python skeleton (D)
9 creatures vanquished.

Notes
Turn   | Place    | Note
-------+----------+-------------------------------------------
     0 | D        | mhtbhm the Kobold Berserker began the quest for the Orb.
     0 | D        | Reached XP level 1. HP: 14/14 MP: 1/1
    12 | D        | Reached ** piety under Trog
    24 | D        | Reached skill level 5 in Short Blades
    24 | D        | Reached XP level 2. HP: 6/20 MP: 2/2
   249 | D        | Noticed an ogre
   259 | D        | Killed an ogre
   260 | D        | Reached skill level 8 in Short Blades
   260 | D        | Reached XP level 3. HP: 15/28 MP: 3/3
   260 | D        | Reached XP level 4. HP: 17/32 MP: 4/4
   261 | D        | Reached *** piety under Trog
   262 | D        | Reached XP level 5. HP: 20/37 MP: 5/5
   265 | D        | Noticed a centaur
   275 | D        | Slain by a centaur

Illustrated notes

Levels and vault maps discovered:
D:        linesprint [early_d, line_temple, items_1, d_10, items_2, lair_1,
          lair_end, items_3, orc_1, orc_end, items_4, d_15, swamp_1, shoals_1,
          snake_1, spider_1, d_20, vaults_1, items_5, swamp_end, shoals_end,
          snake_end, spider_end, vaults_end, d_27, items_6, zot_1, zot_end,
          crypt_end, forest_end, elf_end, slime_end, tomb_end, abyss_end,
          pan_hell_end]

Skill      XL: |  1  2 |
---------------+-------+-----
Fighting       | 4 6 |  6.5
Short Blades   | 5 8 |  8.5
Armour         | 2 |  2.6
Dodging        | 3 |  3.8
Stealth        | 3 |  3.4

Action                   |  1- 3 |  4- 6 || total
-------------------------+-------+-------++-------
Melee: Short sword       |    26 |     9 ||    35
Invok: Berserk           |     1 |       ||     1
  Use: Potion            |       |     1 ||     1
 Stab: Sleeping          |     2 |       ||     2
Dodge: Dodged            |    11 |    14 ||    25

Table legend: (Time is in decaauts)
 A = Elapsed time spent in this place.
 B = Non-inter-level travel time spent in this place.
 C = Inter-level travel time spent in this place.
 D = Time resting spent in this place.
 E = Time spent auto-exploring this place.
 F = Levels seen in this place.
 G = Mean time per level.
                   A        B        C        D        E       F      G
               +--------+--------+--------+--------+--------+-----+--------+
         Total |    267 |    267 |      0 |    222 |      3 |   1 |  267.0 |
       Dungeon |    267 |    267 |      0 |    222 |      3 |   1 |  267.0 |
               +--------+--------+--------+--------+--------+-----+--------+

Top non-repeatable levels by time:
       D: 267 daAuts
